 Dungeon Crawl Stone Soup version 0.28-a0-167-g7eff39e849 (webtiles) character file.

Game seed: 14947486151565438150

30 Nattfarinn the Magician (level 3, -1/25 HPs)
             Began as a Djinni Venom Mage on Aug 16, 2021.
             Killed from afar by a dart slug (6 damage)
             ... with a slug dart
             ... on level 2 of the Dungeon.
             The game lasted 00:00:47 (1574 turns).

Nattfarinn the Magician (Djinni Venom Mage)         Turns: 1574, Time: 00:00:48

Health: -1/25      AC:  2    Str:  7    XL:     3   Next: 37%
Gold:   116        EV: 12    Int: 17    God:
                   SH:  0    Dex: 13

rFire   + + .      SeeInvis .   (no weapon)
rCold   x . .      Faith    .   (no shield)
rNeg    . . .      Spirit   .   a - +0 robe
rPois   ∞          Reflect  .   (no helmet)
rElec   .          Harm     .   (no cloak)
rCorr   .          Rampage  .   (no gloves)
Will    .....                   (boots unavailable)
Stlth   ++........              (no amulet)
HPRegen 0.08/turn               (no ring)
MPRegen 0.00/turn               (no ring)

@: flying
A: sickness immunity, fire resistance 2, cold vulnerability 1, float, innate
caster, hp casting, extra vitality 1
a: no special abilities


You were on level 2 of the Dungeon.
You visited 1 branch of the dungeon, and saw 2 of its levels.

You collected 116 gold pieces.

Inventory:

Armour
 a - a +0 robe (worn)
Scrolls
 b - a scroll of identify {unknown}
 c - a scroll of brand weapon {unknown}
 e - a scroll of vulnerability {unknown}
 i - a scroll of magic mapping {unknown}
Potions
 d - a potion of curing {unknown}
 f - a potion of flight {unknown}
 g - a potion of degeneration {unknown}
 h - a potion of mutation {unknown}


   Skills:
 - Level 2.1 Dodging
 - Level 1.5 Stealth
 + Level 3.3 Spellcasting


You couldn't memorise any spells.
You knew the following spells:

 Your Spells              Type           Power      Damage    Failure   Level
a - Sting                 Tmut/Pois      56%        1d5       4%          1
b - Poisonous Vapours     Pois/Air       28%        N/A       6%          2
c - Mephitic Cloud        Conj/Pois/Air  14%        N/A       13%         3
d - Olgreb's Toxic Radia  Pois           14%        N/A       38%         4
e - Freeze                Ice            56%        1d7       4%          1
Your spell library was empty.

Dungeon Overview and Level Annotations

Branches:
Dungeon (2/15)

Altars:


Innate Abilities, Weirdness & Mutations

You are immune to sickness and miasma.
You are immune to poison.
Your flesh is very heat resistant. (rF++)
You are vulnerable to cold. (rC-)
You float through the air rather than walking.
You learn spells naturally, not from books.
Your magical power is your life essence.
You have superior vitality. (+4 HP)


Message History

An adder comes into view.
The sting misses the adder.
The adder completely misses you.
A dart slug comes into view.
The sting misses the adder.
The adder closely misses you. The hobgoblin misses you.
The adder completely misses you.
The sting hits the adder.
The adder is poisoned.
The adder is lightly wounded.
The hobgoblin closely misses you. The adder misses you.
You miscast Sting.
You are very lightly contaminated with residual magic.
Nothing appears to happen.
The hobgoblin barely misses you. The adder bites you.
The sting hits the adder.
The adder looks even sicker.
The adder is moderately wounded.
The adder bites you. The hobgoblin hits you.
The sting hits the adder.
The adder looks even sicker.
The adder is almost dead.
The adder closely misses you. The hobgoblin closely misses you.
The adder barely misses you.
The sting misses the adder.
The hobgoblin hits you. The adder bites you.
* * * LOW HITPOINT WARNING * * *
You are too injured to fight recklessly!
You are too injured to fight recklessly!
You are too injured to fight recklessly!
The adder bites you.
* * * LOW HITPOINT WARNING * * *
You kill the adder!
Your magical contamination has completely faded away.
Casting: Sting (safe; 4% risk of failure)
Confirm with . or Enter, or press ? or * to list all spells.
Aiming: Sting (safe; 4% risk of failure)
Press: ? - help, Shift-Dir - straight line, f - hobgoblin
Aim: a hobgoblin (71% to hit)
The sting hits the hobgoblin.
The hobgoblin is poisoned.
The hobgoblin is severely wounded.
* * * LOW HITPOINT WARNING * * *
You kill the hobgoblin!
The dart slug launches a dart at you. The slug dart hits you.
You die...

#....##........^..
#.................
#.......#####.#### #.......#
###.# ..##### #.......# #...# ..
..# #.......###.### # #. #.#
#.........#.#..
..#.##.#########....####.#.#.##.#
.........w......@..............>.
####.#.#####.######.####.###.####
#...# #.# #.# #.###.###
#####..### #.# #.# #.......#
....w....# #.# #.########.#.#
.........# #.# #.#....)...#.#
.........# #.# #.###..#####.#
.........# #.# #.............
.........# #.# #..'######...#


You could see a dart slug.

Vanquished Creatures
  An adder (D:2)
  2 ball pythons (D:1)
  4 giant cockroaches
  A goblin (D:1)
  2 hobgoblins
  4 kobolds
  2 quokkas (D:2)
  A bat (D:1)
  3 frilled lizards (D:1)
20 creatures vanquished.

Notes
Turn   | Place    | Note
-------+----------+-------------------------------------------
     0 | D:1      | Nattfarinn the Djinni Venom Mage began the quest for the
                  | Orb.
     0 | D:1      | Reached XP level 1. HP: 15/15 MP: 0/0
   443 | D:1      | Reached XP level 2. HP: 17/21 MP: 0/0
   942 | D:1      | Reached skill level 3 in Spellcasting
  1441 | D:2      | Reached XP level 3. HP: 18/25 MP: 0/0
  1441 | D:2      | Learned a level 1 spell: Freeze
  1574 | D:2      | Killed from afar by a dart slug

Illustrated notes

Levels and vault maps discovered:
D:1:      kennysheep_arrival_forest, layout_loops_ring, solitary_fountain,
          serial_park_tiny_pond, wander_ebering_terrifying_dragon_lair
D:2:      layout_basic, minmay_3d_cube, uniq_sigmund, uniq_terence, uniq_natasha

Skill      XL: |  1  2 |
---------------+-------+-----
Spellcasting   | 3 |  3.3
Dodging        | |  2.1
Stealth        | |  1.5

Action                   || total
-------------------------++-------
 Cast: Sting             ||    52
Armor: Robe              ||     8
Dodge: Dodged            ||    23

Table legend: (Time is in decaauts)
 A = Elapsed time spent in this place.
 B = Non-inter-level travel time spent in this place.
 C = Inter-level travel time spent in this place.
 D = Time resting spent in this place.
 E = Time spent auto-exploring this place.
 F = Levels seen in this place.
 G = Mean time per level.
                   A        B        C        D        E       F      G
               +--------+--------+--------+--------+--------+-----+--------+
         Total |   1573 |   1521 |     52 |      0 |   1409 |   2 |  786.5 |
       Dungeon |   1573 |   1521 |     52 |      0 |   1409 |   2 |  786.5 |
               +--------+--------+--------+--------+--------+-----+--------+

Top non-repeatable levels by time:
     D:1: 1292 daAuts
     D:2: 281 daAuts
